 Dungeon Crawl Stone Soup version 0.31-a0-431-g88bdf31460 (webtiles) character file.

Game seed: 17589643374499068720

21407 Dirtsage the Grappler (level 12, -8/85 HPs)
             Began as an Octopode Shapeshifter on July 31, 2023.
             Was a Priest of the Shining One.
             Engulfed by an ice statue's freezing vapour (23 damage)
             ... in an ice cave.
             The game lasted 00:32:10 (13746 turns).

Dirtsage the Grappler (Octopode Shapeshifter)      Turns: 13746, Time: 00:32:11

Health: -8/85      AC:  9    Str: 16    XL:     12   Next: 89%
Magic:  27/28      EV: 13    Int: 19    God:    the Shining One [***...]
Gold:   412        SH: 14    Dex: 13    Spells: 12/20 levels left

rFire   . .          .
                       - Unarmed
rCold   . . .        (no shield)
rNeg    + . .        (helmet currently unavailable)
rPois   .            s - amulet of reflection
rElec   .            c - +4 ring of protection
rCorr   .            S - ring of see invisible
SInv    +            W - ring of wizardry
Will    .....        j - ring of magical power
Stlth   +            u - +6 ring of intelligence
HPRegen 0.34/turn    x - +4 ring of protection
MPRegen 0.21/turn    (no ring)
                     (no ring)

%: reflection, wizardry (x1)
@: divinely shielded, beast-form, glowing
A: beast (slay +7), almost no armour, amphibious, 8 rings, camouflage 1,
gelatinous body 1, (nimble swimmer 1), tentacles
a: Begin Untransformation, Renounce Religion, Divine Shield, Cleansing Flame


You were in an ice cave.
You worshipped the Shining One.
The Shining One was most pleased with you.
You were a hulking beast.
You visited 3 branches of the dungeon, and saw 13 of its levels.
You also visited: Ice Cave.

You collected 560 gold pieces.
You spent 148 gold pieces at shops.

Inventory:

Hand Weapons
 o - the +6 dagger of Dull Watchfulness {flame, Will+}
   (You found it on level 2 of the Dungeon)

   Will:      It increases your willpower.
Missiles
 g - 2 atropa-tipped darts
 w - 2 throwing nets
 z - a curare-tipped dart
Armour
 C - a +1 hat
Jewellery
 c - a +4 ring of protection (left tentacle)
 j - a ring of magical power (on tentacle)
 s - an amulet of reflection (around mantle)
 u - a +6 ring of intelligence (on tentacle)
 x - a +4 ring of protection (on tentacle)
 y - a ring of ice
 S - a ring of see invisible (right tentacle)
 W - a ring of wizardry (on tentacle)
Talismans
 b - a beast talisman (active)
Wands
 f - a wand of polymorph (8)
 n - a wand of mindburst (8)
 A - a wand of charming (5)
Scrolls
 e - 3 scrolls of revelation
 h - 2 scrolls of immolation
 i - 3 scrolls of identify
 k - a scroll of poison
 m - 2 scrolls of enchant armour
 t - 9 scrolls of teleportation
 B - a scroll of fog
 D - a scroll of torment {unknown}
Potions
 a - 3 potions of lignification
 d - 3 potions of might
 l - a potion of enlightenment
 p - 3 potions of mutation
 r - 3 potions of haste {unknown}
 v - a potion of invisibility


   Skills:
 - Level 9.2 Fighting
 - Level 2.0 Dodging
 - Level 10.7 Unarmed Combat
 - Level 4.9 Spellcasting
 + Level 2.9 Conjurations
 + Level 5.0 Ice Magic
 + Level 2.9 Air Magic
 - Level 7.9 Invocations
 - Level 10.3 Shapeshifting


You had 12 spell levels left.
You knew the following spells:

 Your Spells              Type           Power      Damage    Failure   Level
a - Freezing Cloud        Conj/Ice/Air   9%         6-21      30%         5
b - Frozen Ramparts       Ice            46%        1d7       1%          3

Your spell library contained the following spells:

 Spells                   Type           Power      Damage    Failure   Level
 Freeze                   Ice            92%        1d9       1%          1
 Hailstorm                Conj/Ice       20%        3d6       2%          3
 Poisonous Vapours        Pois/Air       20%        N/A       4%          2
 Slow                     Hex            16%        N/A       5%          1
 Mephitic Cloud           Conj/Pois/Air  12%        N/A       7%          3
 Lesser Beckoning         Tloc           8%         N/A       8%          2
 Stone Arrow              Conj/Erth      20%        3d8       9%          3
 Confusing Touch          Hex            4%         N/A       16%         3
 Gell's Gravitas          Tloc           4%         N/A       16%         3
 Inner Flame              Hex/Fire       4%         N/A       16%         3
 Teleport Other           Tloc           4%         N/A       16%         3
 Vampiric Draining        Necr           4%         2d6       16%         3
 Flame Wave               Conj/Fire      10%        2d6       26%         4
 Sticky Flame             Conj/Fire      10%        2d3       26%         4
 Iskenderun's Battlesphe  Conj           16%        2d7       38%         5
 Fireball                 Conj/Fire      5%         3d5       56%         5
 Conjure Ball Lightning   Conj/Air       7%         3x3d6     89%         6
 Leda's Unmaking          Conj/Erth      5%         9d2       98%         6
 Orb of Destruction       Conj           8%         9d6       100%        7
 Spellforged Servitor     Conj/Summ      5%         N/A       100%        7
 Lehudib's Crystal Spear  Conj/Erth      5%         10d3      100%        8
 Animate Armour           Summ/Erth      Unusable   N/A       N/A         4

Dungeon Overview and Level Annotations

Branches:
Dungeon (9/15)             Temple (1/1) D:4            Lair (3/5) D:9
 Shoals (0/4) Lair:2       Spider (0/4) Lair:2          Orc (0/2) D:9
  IceCv (1/1)

Altars:
Ashenzari
Cheibriados
Dithmenos
Elyvilon
Fedhas
Gozag
Hepliaklqana
Kikubaaqudgha
Makhleb
Nemelex Xobeh
Okawaru
Qazlal
Ru
Sif Muna
Trog
Uskayaw
Vehumet
Wu Jian
Xom
Yredelemnul
Zin
The Shining One

Shops:
D:4 (??=

Annotations:
D:5 2 runed translucent doors, floatRand's ghost, novice DrSh
Lair:2 exclusion: 4 oklob plants IceCv exclusion: ice statue


Innate Abilities, Weirdness & Mutations

You are a hulking beast.
Your limbs bulge with bestial killing power. (Slay +7)
You cannot wear most types of armour.
You are amphibious.
You can wear up to eight rings at the same time.
Your skin changes colour to match your surroundings (Stealth+).
Your rubbery body absorbs attacks. (AC +1, EV +1)
((You are camouflaged when in or above water. (Stealth+)))
You have tentacles for arms and can constrict up to eight enemies at once.


Message History

Unknown command.
You bludgeon the ice beast! You tentacle-slap the ice beast.
Your squeeze misses the ice beast.
The ice beast is severely wounded.
You block the ice beast's attack.
You tentacle-slap the ice beast. You squeeze the ice beast.
You kill the ice beast!
The ice beast disappears in a puff of smoke!
MP restored: 28 You start resting.
Your divine shield fades away.
You regained 10 hp, and now have 18/85 hp.
You start resting.
HP restored.
Health restored: 85 A divine shield forms around you!
You now have 25/28 mp.
Really walk into a travel-excluded area?
The ice statue gestures at you. The freezing blast engulfs you!!
You take 24 damage, and have 61/85 hp.
MASSIVE DAMAGE!!
You bludgeon the ice statue!
The ice statue is lightly damaged.
You are engulfed in freezing vapours.
You take 13 damage, and have 48/85 hp.
You are engulfed in freezing vapours.
* * * LOW HITPOINT WARNING * * *
You take 24 damage, and have 24/85 hp.
MASSIVE DAMAGE!!
Really walk into a travel-excluded area?
The ice statue gestures at you. The freezing blast misses you.
You tentacle-slap the ice statue but do no damage.
The ice statue is lightly damaged.
You are engulfed in freezing vapours.
* * * LOW HITPOINT WARNING * * *
The ice statue gestures at you. The bolt of cold misses you.
You take 12 damage, and have 15/85 hp.
You are engulfed in freezing vapours.
You die...

#...............#
#...............#
#.......⌠.......#
#...............#
#...............#
#.........○...#
#........☼○§☼.#
#.......☼☼☼.#
##.#....h#8##
####...####
#...## ##...#
##...# #...##
##...## ##.....##
#...∩...#


There were no monsters in sight!

Vanquished Creatures
  A centaur warrior (D:9)
  Nergalle (Lair:1)
  An orb spider (Lair:2)
  3 slime creatures (D:9)
  An ice statue (IceCv)
  6 elephants
  A merfolk siren (Lair:2)
  Joseph (D:7)
  4 black mambas
  6 cane toads
  3 rime drakes
  2 ice devils (IceCv)
  5 komodo dragons
  5 polar bears
  3 merfolk (Lair:2)
  A hornet (Lair:2)
  Prince Ribbit (D:6)
  2 wyverns
  15 yaks
  2 basilisks (D:9)
  2 steam dragons
  9 water moccasins
  A swamp drake (D:9)
  4 orc warriors
  3 sky beasts
  An ogre (D:6)
  A black bear (Lair:2)
  16 wolves
  3 centaurs
  A kobold brigand (D:9)
  10 bullfrogs
  4 killer bees (D:8)
  A howler monkey (D:6)
  A gnoll bouda (D:7)
  6 orc priests
  A sleepcap (D:4)
  Ijyb (D:4)
  Jessica (D:3)
  2 iguanas (D:7)
  11 orc wizards
  A troll simulacrum (IceCv)
  2 polar bear simulacra (IceCv)
  A spriggan simulacrum (IceCv)
  8 gnolls
  3 adders
  A naga simulacrum (IceCv)
  2 shadow imps
  A white imp (D:6)
  3 ufetubi
  An adder zombie (D:3)
  A worm (D:2)
  2 dart slugs
  36 orcs
  2 ball pythons
  11 endoplasms
  A giant cockroach (D:2)
  3 goblins
  7 hobgoblins
  2 jackals (D:2)
  8 kobolds
  6 quokkas
  2 ball python zombies (D:3)
  9 bats
  2 frilled lizards (D:3)
  9 rats
267 creatures vanquished.

Notes
Turn   | Place    | Note
-------+----------+-------------------------------------------
     0 | D:1      | Dirtsage the Octopode Shapeshifter began the quest for the
                  | Orb.
     0 | D:1      | Reached XP level 1. HP: 13/13 MP: 1/1
   194 | D:1      | Reached XP level 2. HP: 17/18 MP: 2/2
   829 | D:1      | Reached XP level 3. HP: 23/23 MP: 3/3
  1054 | D:1      | Reached XP level 4. HP: 21/28 MP: 4/4
  1116 | D:2      | Identified the +5 scimitar "Kytaum" {heavy, rC+ rCorr}
  1356 | D:2      | Identified the +6 dagger of Dull Watchfulness {flame,
                  | Will+}
  1795 | D:3      | Reached XP level 5. HP: 31/33 MP: 5/5
  1945 | D:3      | Noticed Jessica
  1949 | D:3      | Killed Jessica
  2292 | D:3      | Found a hazy altar of Hepliaklqana.
  2317 | D:3      | Found a faded altar of an unknown god.
  2610 | D:4      | Found Jenal's Magic Scroll Boutique.
  2629 | D:4      | Bought a scroll of identify for 20 gold pieces
  2629 | D:4      | Bought a scroll of identify for 20 gold pieces
  2629 | D:4      | Bought a scroll of identify for 20 gold pieces
  2629 | D:4      | Bought a scroll of teleportation for 30 gold pieces
  2629 | D:4      | Bought a scroll of identify for 20 gold pieces
  2629 | D:4      | Bought a scroll of identify for 20 gold pieces
  2677 | D:4      | Found Hacluawi's Jewellery Boutique.
  2697 | D:4      | Found a staircase to the Ecumenical Temple.
  2759 | Temple   | Entered the Ecumenical Temple
  2784 | Temple   | Became a worshipper of the Shining One
  2867 | D:4      | Noticed Ijyb
  2870 | D:4      | Found Rajedgheov's Weapon Shoppe.
  2879 | D:4      | Killed Ijyb
  2880 | D:4      | Reached XP level 6. HP: 39/39 MP: 6/6
  2889 | D:4      | Bought 2 atropa-tipped darts for 18 gold pieces
  2941 | D:4      | Found Adghapibi's Magic Scroll Shop.
  3043 | D:5      | Entered Level 5 of the Dungeon
  3092 | D:5      | You fall into a shaft and drop 1 floor!
  3207 | D:5      | Found a runed translucent door.
  3217 | D:5      | Noticed floatRand's ghost (novice DrSh)
  3419 | D:5      | Noticed a sky beast
  3424 | D:5      | Killed a sky beast
  3425 | D:5      | Reached skill level 5 in Unarmed Combat
  3425 | D:5      | Reached skill level 5 in Shapeshifting
  3554 | D:5      | Found a runed translucent door.
  3727 | D:5      | Found a blossoming altar of Fedhas.
  3730 | D:5      | Found a broken altar of Ashenzari.
  3983 | D:6      | Reached XP level 7. HP: 30/45 MP: 7/7
  4196 | D:6      | Reached * piety under the Shining One
  4206 | D:6      | Noticed a steam dragon
  4375 | D:6      | Killed a steam dragon
  4696 | D:6      | Noticed Prince Ribbit
  4703 | D:6      | Killed Prince Ribbit
  4704 | D:6      | Reached XP level 8. HP: 54/54 MP: 8/8
  5206 | D:7      | The Shining One protects you from harm!
  5304 | D:7      | Noticed Joseph
  5407 | D:7      | Killed Joseph
  5408 | D:7      | Reached skill level 5 in Fighting
  5408 | D:7      | Reached XP level 9. HP: 14/61 MP: 9/9
  5734 | D:7      | Found an iron altar of Okawaru.
  5790 | D:7      | Learned a level 3 spell: Frozen Ramparts
  6016 | D:8      | Reached skill level 1 in Ice Magic
  6241 | D:8      | Reached skill level 1 in Spellcasting
  7139 | D:9      | Noticed a centaur warrior
  7144 | D:9      | Killed a centaur warrior
  7298 | D:9      | Reached XP level 10. HP: 66/66 MP: 13/13
  7902 | D:9      | Found a staircase to the Lair.
  7902 | D:9      | Noticed an elephant
  7925 | D:9      | Killed an elephant
  8146 | D:9      | Reached skill level 10 in Unarmed Combat
  8369 | D:9      | Reached XP level 11. HP: 9/72 MP: 18/18
  8730 | D:9      | Found a staircase to the Orcish Mines.
  8731 | D:9      | Reached ** piety under the Shining One
  9070 | Lair:1   | Entered Level 1 of the Lair of Beasts
  9083 | Lair:1   | Reached skill level 1 in Invocations
  9236 | Lair:1   | Noticed Nergalle
  9252 | Lair:1   | Killed Nergalle
 10805 | Lair:2   | Found a hole to the Spider Nest.
 10805 | Lair:2   | Noticed an orb spider
 10824 | Lair:2   | Reached skill level 5 in Invocations
 10846 | Lair:2   | Reached skill level 10 in Shapeshifting
 10909 | Lair:2   | Paralysed by a hornet for 2 turns
 11048 | Lair:2   | Noticed an oklob plant
 11048 | Lair:2   | Noticed an oklob plant
 11049 | Lair:2   | Noticed an oklob plant
 11049 | Lair:2   | Found the +7 great mace "Undeadhunter" {deathbane, rN+}
 11079 | Lair:2   | Reached XP level 12. HP: 79/81 MP: 19/19
 11986 | Lair:2   | Found a staircase to the Shoals.
 11997 | Lair:2   | HP: 4/84 [merfolk/+0 trident (3)]
 12858 | Lair:2   | Learned a level 5 spell: Freezing Cloud
 12960 | Lair:3   | Reached skill level 1 in Conjurations
 12960 | Lair:3   | Reached skill level 1 in Air Magic
 12994 | Lair:3   | Found a frozen archway.
 13278 | IceCv    | Entered an ice cave
 13278 | IceCv    | Reached *** piety under the Shining One
 13466 | IceCv    | Reached skill level 5 in Ice Magic
 13482 | IceCv    | HP: 3/85 [ice statue] (14)]
 13746 | IceCv    | Engulfed by an ice statue's freezing vapour

Illustrated notes

Levels and vault maps discovered:
D:1:      lemuel_arrival_cross, layout_basic, serial_forest,
          infiniplex_forest_straight_1, infiniplex_forest_lined_corner,
          infiniplex_forest_straight_1, infiniplex_forest_clump_double,
          infiniplex_forest_straight_5, infiniplex_forest_split
D:2:      layout_basic
D:3:      layout_loops_corners, beargit_hepliaklqana_dungeon_heroes,
          serial_undead, serial_undead_e, serial_undead_c, serial_undead_e,
          serial_undead_f, kennysheep_jessica_study
D:4:      layout_cave_pools, minmay_temple_entry_fiery, serial_shops, shop,
          kennysheep_little_box, shop, kennysheep_mini_moat, serial_park,
          serial_park_avenue1, serial_park_square2, serial_park_tiny_pond,
          uniq_ijyb
D:5:      layout_loops_ring, nicolae_overflow_squiral, ebering_ghost_sewer_f
D:6:      layout_gridville, uniq_prince_ribbit1
D:7:      layout_rooms, okawaru_gym_becter, uniq_joseph
D:8:      nicolae_cairo_tiling, layout_loops_ring, grunt_ministairs_13
D:9:      layout_irregular_city, david_lair_generic, erik_orc_1,
          kennysheep_just_a_vault
Temple:   hc_temple_tempest_star
Lair:1:   layout_cave_pods, grunt_megastairs_2, uniq_nergalle
Lair:2:   minmay_lair_oklob_chamber, layout_chaotic_city,
          elwin_shoals_entry_stream, nicolae_spider_entry_orb_guardian,
          serial_bayou_shore_b, lemuel_fruit_tree, infiniplex_staircase_pool_2
Lair:3:   layout_regular_city, portal_ice_cave_entry_animals_and_master,
          hellmonk_guarded_unrand_zhor, serial_bayou_shore_a,
          serial_bayou_shore_b
IceCv:    ice_cave_tombish

Skill      XL: |  1  2  3  4  5  6  7  8  9 10 11 12 |
---------------+-------------------------------------+-----
Unarmed Combat | 4 5 6 8 10 | 10.7
Shapeshifting  | 4 5 6 7 8 10 | 10.3
Fighting       | 2 3 5 7 9 |  9.2
Ice Magic      | 3 5 |  5.0
Spellcasting   | 2 4 |  4.9
Invocations    | 5 7 |  7.9
Conjurations   | 2 |  2.9
Air Magic      | 2 |  2.9
Dodging        | |  2.0

Action                     |  1- 3 |  4- 6 |  7- 9 | 10-12 || total
---------------------------+-------+-------+-------+-------++-------
  Melee: Unarmed           |    51 |    23 |    38 |   378 ||   490
         Constrict         |    17 |    17 |    34 |    58 ||   126
         Tentacles         |    12 |    14 |    35 |   144 ||   205
         Punch             |     1 |     5 |     7 |    48 ||    61
         Dagger            |       |    71 |    94 |       ||   165
  Throw: Dart              |       |       |     2 |       ||     2
   Cast: Frozen Ramparts   |       |       |     2 |    35 ||    37
 Invoke: Divine Shield     |       |       |       |     3 ||     3
    Use: Scroll            |       |    10 |     1 |     5 ||    16
         Potion            |       |       |     1 |     3 ||     4
   Stab: Sleeping          |    11 |     4 |       |       ||    15
 Armour: Skin              |     7 |    12 |    25 |    68 ||   112
  Dodge: Dodged            |    22 |    40 |    82 |   177 ||   321
  Block: Other             |       |       |    24 |    72 ||    96
         Reflection        |       |       |     2 |     2 ||     4

Table legend: (Time is in decaauts)
 A = Elapsed time spent in this place.
 B = Non-inter-level travel time spent in this place.
 C = Inter-level travel time spent in this place.
 D = Time resting spent in this place.
 E = Time spent auto-exploring this place.
 F = Levels seen in this place.
 G = Mean time per level.
                   A        B        C        D        E       F      G
               +--------+--------+--------+--------+--------+-----+--------+
         Total |  13660 |  13267 |    393 |   2477 |   8936 |  14 |  975.7 |
       Dungeon |   8997 |   8654 |    343 |   1350 |   6149 |   9 |  999.7 |
        Temple |     37 |     26 |     11 |      0 |      0 |   1 |   37.0 |
          Lair |   4165 |   4126 |     39 |    777 |   2786 |   3 | 1388.3 |
      Ice Cave |    460 |    460 |      0 |    350 |      0 |   1 |  460.0 |
               +--------+--------+--------+--------+--------+-----+--------+

Top non-repeatable levels by time:
  Lair:2: 2162 daAuts
     D:9: 2132 daAuts
  Lair:1: 1593 daAuts
     D:7: 1197 daAuts
     D:1: 1003 daAuts
     D:3: 999 daAuts
     D:5: 920 daAuts
     D:8: 908 daAuts
     D:6: 838 daAuts
     D:4: 551 daAuts
   IceCv: 460 daAuts
     D:2: 444 daAuts
  Lair:3: 409 daAuts
  Temple: 37 daAuts
